[Event "Team 45 45 League T36"]
[Site "Internet Chess Club"]
[Date "2008.02.02"]
[Round "2"]
[White "taijifan"]
[Black "moreffee"]
[Result "1-0"]
[WhiteElo "1334"]
[BlackElo "1341"]
[Opening "Petrov's defense"]
[ECO "C42"]
[Time "14:05:16"]
[TimeControl "2700+45"]

1. e4 e5 2. Nf3 Nf6 3. Nxe5 Nc6 4. Nxc6 dxc6 5. Nc3 Bc5 6. Bc4 Bxf2+ 7. Kxf2
Qd4+ 8. Ke1 Qxc4 9. d3 Qe6 10. Bf4 Qe7 11. Bg5 h6 12. Bxf6 Qxf6 13. Rf1 Qh4+ 14.
g3 Qxh2 15. Qf3 Be6 16. Ne2 Qh3 17. Nf4 Qg4 18. Nxe6 Qxf3 19. Nxc7+ Kd7 20. Rxf3
Kxc7 21. Rxf7+ Kb6 22. Rxg7 Rag8 23. Rxg8 Rxg8 24. Kf2 h5 25. Rh1 Rg5 26. Kf3
Rc5 27. Rh2 a5 28. d4 Rg5 29. Kf4 Rg8 30. c4 a4 31. Rxh5 Rf8+ 32. Rf5 Rd8 33. d5
cxd5 34. cxd5 Kc5 35. g4 Kd4 36. Re5 Rf8+ 37. Rf5 Rc8 38. d6 Re8 39. Rd5+ Kc4
40. d7 Rf8+ 41. Ke5 {Black resigns} 1-0

[Event "Team 45 45 League T36"]
[Site "Internet Chess Club"]
[Date "2008.02.03"]
[Round "2"]
[White "knight2f3"]
[Black "SeniorCitizen"]
[Result "1-0"]
[WhiteElo "1353"]
[BlackElo "1319"]
[Opening "Queen's pawn, Mason variation"]
[ECO "D00"]
[Time "13:35:52"]
[TimeControl "2700+45"]

1. d4 d5 2. Bf4 e6 3. e3 Nf6 4. Nf3 Be7 5. h3 O-O 6. Bd3 Nbd7 7. Nbd2 Nh5 8. Bh2
g6 9. Ne5 Nxe5 10. dxe5 f5 11. Nf3 c5 12. c3 c4 13. Be2 f4 14. O-O fxe3 15. fxe3
Qb6 16. Nd4 Ng7 17. Qc2 Bd7 18. Bf4 Nf5 19. Bg4 g5 20. Bxf5 exf5 21. Bh2 Qg6 22.
Rf2 g4 23. hxg4 fxg4 24. Qxg6+ hxg6 25. Bg3 Bc5 26. Rf4 Rxf4 27. exf4 Kg7 28. e6
Bxd4+ 29. cxd4 Bxe6 30. Re1 Kf6 31. Re5 Rh8 32. Kf2 Rh5 33. Re3 a6 34. b3 g5 35.
fxg5+ Kf5 36. Re5+ {Black resigns} 1-0

[Event "Team 45 45 League T36"]
[Site "Internet Chess Club"]
[Date "2008.02.04"]
[Round "2"]
[White "chips"]
[Black "joaoazm"]
[Result "1/2-1/2"]
[WhiteElo "1210"]
[BlackElo "1096"]
[Opening "Ruy Lopez: Berlin defense"]
[ECO "C65"]
[Time "15:58:50"]
[TimeControl "2700+45"]

1. e4 e5 2. Nf3 Nc6 3. Bb5 Nf6 4. Bxc6 dxc6 5. d3 Bd6 6. O-O O-O 7. Bg5 h6 8.
Bxf6 Qxf6 9. Nbd2 b5 10. Nb3 Bd7 11. Ne1 Bb4 12. Qf3 Qxf3 13. Nxf3 f6 14. a3 Bd6
15. Nh4 Be8 16. Na5 g5 17. Nf5 Rb8 18. Nxh6+ Kg7 19. Nf5+ Kg6 20. Nb3 Bd7 21.
Nxd6 cxd6 22. Nd2 Rf7 23. Nf3 Rh8 24. h3 Rfh7 25. Rfe1 g4 26. Re3 gxf3 27. Rxf3
Kf7 28. Kh2 Rg7 29. g4 Bxg4 30. Rg3 Be6 31. Rag1 Rxg3 32. Rxg3 Rg8 33. Re3 d5
34. c3 c5 35. Rg3 Rxg3 36. Kxg3 d4 37. f4 exf4+ 38. Kxf4 Bxh3 39. e5 fxe5+ 40.
Kxe5 dxc3 41. bxc3 Ke7 42. Kd5 c4 43. dxc4 bxc4 44. Kxc4 Kd6 45. Kb4 Bf1 46. c4
Kc6 47. a4 Kb6 48. a5+ Kc6 49. a6 Bxc4 50. Kxc4 Kb6 51. Kb4 Kxa6 52. Ka4 Kb6 53.
Kb4 a5+ 54. Ka4 Ka6 55. Ka3 Kb5 56. Kb3 a4+ 57. Ka3 Ka5 58. Ka2 Kb4 59. Kb2 a3+
60. Ka2 Ka4 61. Ka1 Kb3 62. Kb1 a2+ 63. Ka1 {Game drawn by mutual agreement}
1/2-1/2

[Event "Team 45 45 League T36"]
[Site "Internet Chess Club"]
[Date "2008.02.02"]
[Round "2"]
[White "GrandPoobah069"]
[Black "bmw2002"]
[Result "1-0"]
[WhiteElo "1704"]
[BlackElo "1671"]
[Opening "Caro-Kann: Panov-Botvinnik attack"]
[ECO "B13"]
[Time "12:15:55"]
[TimeControl "2700+45"]

1. e4 c6 2. d4 d5 3. exd5 cxd5 4. c4 Nf6 5. Nc3 Bf5 6. Qb3 Nc6 7. cxd5 Nxd4 8.
Qa4+ Qd7 9. Qxd4 a6 10. Bg5 Rc8 11. Nf3 h6 12. Ne5 Qd8 13. Be3 e6 14. Qa4+ Ke7
15. Qb4+ Qd6 16. Qxd6+ Kxd6 17. Nxf7+ Kd7 18. Nxh8 Be7 19. Nf7 exd5 20. Ne5+ Ke6
21. Bd4 b5 22. a3 Ra8 23. Be2 h5 24. h3 g5 25. g4 hxg4 26. hxg4 Bc2 27. Bd1 Be4
28. f3 {Black resigns} 1-0

[Event "Team 45 45 League T36"]
[Site "Internet Chess Club"]
[Date "2008.02.04"]
[Round "2"]
[White "Luckydawg"]
[Black "C-Jones"]
[Result "1/2-1/2"]
[WhiteElo "1665"]
[BlackElo "1605"]
[Opening "English: Neo-Catalan declined"]
[ECO "A14"]
[Time "19:33:15"]
[TimeControl "2700+45"]

1. c4 Nf6 2. g3 e6 3. Bg2 d5 4. Nf3 Be7 5. O-O O-O 6. Qc2 Nc6 7. a3 dxc4 8. Qxc4
Qd5 9. Qxd5 Nxd5 10. e4 Nf6 11. Nc3 Rd8 12. Re1 e5 13. Nb5 Bd6 14. d4 a6 15.
dxe5 Nxe5 16. Nxd6 Nxf3+ 17. Bxf3 Rxd6 18. e5 Re6 19. Bg5 Nd7 20. Rad1 h6 21.
Bf4 g5 22. Bc1 Nxe5 23. Rd8+ Kg7 24. Rxe5 Rxe5 25. Bd2 Re7 26. Bc3+ f6 27. Bd5
Rd7 28. Rg8+ Kh7 29. Bxf6 Rxd5 30. Rg7+ Kh8 31. Rxg5+ Kh7 32. Rxd5 Bh3 33. f4
Re8 34. Re5 Rxe5 35. fxe5 c6 36. Kf2 a5 37. Bd8 a4 38. Bb6 Kg6 39. Ke3 Kf5 40.
Kd4 Ke6 {Game drawn by mutual agreement} 1/2-1/2

[Event "Team 45 45 League T36"]
[Site "Internet Chess Club"]
[Date "2008.02.03"]
[Round "2"]
[White "chesskix"]
[Black "Mantra"]
[Result "0-1"]
[WhiteElo "1566"]
[BlackElo "1583"]
[Opening "English opening"]
[ECO "A16"]
[Time "14:04:02"]
[TimeControl "2700+45"]

1. c4 Nf6 2. Nc3 g6 3. Nf3 Bg7 4. g3 O-O 5. Bg2 d6 6. O-O e5 7. d3 Nbd7 8. Bg5
h6 9. Bd2 Ne8 10. e4 f5 11. exf5 gxf5 12. Nh4 Nc5 13. Be3 Ne6 14. f4 exf4 15.
Bxf4 Nxf4 16. Rxf4 c6 17. d4 Nc7 18. Qd3 Ne6 19. Rxf5 Nxd4 20. Rxf8+ Qxf8 21.
Rf1 Qe8 22. Be4 Bh3 23. Rf2 Be6 24. Bh7+ Kh8 25. Bg6 Qe7 26. Bh5 Qg5 27. Bd1 Re8
28. Ne4 Bxc4 29. Qxc4 Rxe4 30. Ng6+ Qxg6 31. Bb3 Nf3+ {White resigns} 0-1

[Event "Team 45 45 League T36"]
[Site "Internet Chess Club"]
[Date "2008.02.04"]
[Round "2"]
[White "Zyme"]
[Black "curtintime"]
[Result "1-0"]
[WhiteElo "1441"]
[BlackElo "1380"]
[Opening "QGD Slav: 4.Nc3"]
[ECO "D15"]
[Time "21:01:36"]
[TimeControl "2700+45"]

1. d4 d5 2. c4 c6 3. Nf3 Nf6 4. Nc3 Bf5 5. e3 h6 6. Be2 e6 7. O-O dxc4 8. Bxc4
Bd6 9. Re1 Ne4 10. Nxe4 Bxe4 11. Ne5 Qg5 12. Qg4 Bf5 13. Qxg5 hxg5 14. e4 Bg6
15. g3 Bh5 16. Bb3 f6 17. Nd3 e5 18. dxe5 fxe5 19. Bxg5 Nd7 20. Kg2 Nf6 21. f3
Bf7 22. Bxf7+ Kxf7 23. Rad1 Rh5 24. Bd2 Rah8 25. Rh1 c5 26. Bc3 c4 27. Nb4 Ke6
28. Nd5 Nd7 29. g4 Rh3 30. Ne3 b5 31. Nf5 g6 32. Nxd6 {Black resigns} 1-0

[Event "Team 45 45 League T36"]
[Site "Internet Chess Club"]
[Date "2008.02.01"]
[Round "2"]
[White "Rookmaster"]
[Black "Ocho-Cinco"]
[Result "0-1"]
[WhiteElo "1621"]
[BlackElo "1762"]
[Opening "Sicilian: Nimzovich-Rossolimo attack (without ...d6)"]
[ECO "B30"]
[Time "19:53:28"]
[TimeControl "2700+45"]

1. e4 c5 2. Nf3 Nc6 3. Bb5 Nf6 4. Nc3 Nd4 5. e5 Nxb5 6. Nxb5 Nd5 7. Ng5 a6 8.
Nxf7 Kxf7 9. Qf3+ Nf6 10. exf6 exf6 11. Qd5+ Kg6 12. h4 h5 13. Nd6 Qe7+ 14. Qe4+
Qxe4+ 15. Nxe4 d5 16. Ng3 Bd6 17. O-O Re8 18. d3 b5 19. Nh1 Re2 20. c3 Bb7 21.
b3 c4 22. dxc4 dxc4 23. bxc4 bxc4 24. Be3 Be4 25. Rac1 Rxa2 26. Rfd1 Bd3 27. f3
Rb8 28. Nf2 Rbb2 29. Nxd3 Rxg2+ 30. Kf1 cxd3 31. Rxd3 Bg3 32. Rcd1 Bxh4 33. f4
Bg3 34. f5+ Kxf5 35. Bd2 Rf2+ 36. Kg1 h4 37. Be3 Rfe2 38. Rd5+ Ke4 39. R5d4+ Kf5
40. Rd5+ Ke6 41. R5d3 Rg2+ 42. Kh1 Rh2+ 43. Kg1 Rag2+ 44. Kf1 h3 45. Bg1 Rh1 46.
Re3+ Kf7 47. Rd7+ Kg8 48. Rxg7+ Kxg7 49. Rxg3+ Rxg3 50. Kf2 Rhxg1 51. c4 h2 52.
c5 h1=Q 53. c6 Qf3# {White checkmated} 0-1

[Event "Team 45 45 League T36"]
[Site "Internet Chess Club"]
[Date "2008.02.02"]
[Round "2"]
[White "WillsGambit"]
[Black "DaveTheRook"]
[Result "0-1"]
[WhiteElo "1598"]
[BlackElo "1681"]
[Opening "King's Indian defense, 3.Nc3"]
[ECO "E61"]
[Time "13:03:38"]
[TimeControl "2700+45"]

1. d4 Nf6 2. c4 g6 3. Nc3 Bg7 4. Bg5 d6 5. Bxf6 Bxf6 6. Nf3 c6 7. e4 O-O 8. h4
Bg4 9. Bd3 Bxd4 10. Qc2 Bg7 11. Ng5 Qa5 12. f3 Bd7 13. h5 Qxg5 14. hxg6 Qe3+ 15.
Ne2 hxg6 16. Qb3 Qb6 17. Qc2 Na6 18. a3 Nc5 {White resigns} 0-1

[Event "Team 45 45 League T36"]
[Site "Internet Chess Club"]
[Date "2008.02.04"]
[Round "2"]
[White "RingLord"]
[Black "Gamebler"]
[Result "1/2-1/2"]
[WhiteElo "1546"]
[BlackElo "1555"]
[Opening "Giuoco Pianissimo: Italian four knights variation"]
[ECO "C26"]
[Time "19:09:47"]
[TimeControl "2700+45"]

1. e4 e5 2. Nc3 Nf6 3. Bc4 Bc5 4. d3 Nc6 5. Nf3 Ng4 6. O-O h6 7. h3 Nf6 8. a3
O-O 9. b4 Bd4 10. Nxd4 Nxd4 11. Be3 b5 12. Nxb5 Nxb5 13. Bxb5 c6 14. Bc4 d5 15.
exd5 cxd5 16. Bb3 Ba6 17. f4 e4 18. Bd4 Qd7 19. Bxf6 gxf6 20. Qh5 Kh7 21. Bxd5
exd3 22. Be4+ Kg7 23. Rf3 Qd4+ 24. Kh2 Qxe4 25. cxd3 Bxd3 26. Rg3+ Kh7 27. Rd1
Be2 28. Re1 Bxh5 29. Rxe4 Rg8 30. Rxg8 Rxg8 31. Re7 Bg6 32. Rxa7 Rd8 33. g4 f5
34. gxf5 Bxf5 35. Rxf7+ Kg6 36. Ra7 Rd2+ 37. Kg3 Rd3+ 38. Kf2 Rxh3 39. b5 Kh5
40. a4 Kg4 41. b6 Kxf4 42. a5 Rh2+ 43. Kg1 Rb2 44. Rf7 Kg5 45. b7 Bd3 46. Rg7+
Kf4 47. Rf7+ Ke5 48. Re7+ Kd6 49. Rg7 Kc6 50. Rg3 Ba6 51. Rg6+ Kxb7 52. Rxh6 Bc4
53. Rb6+ Rxb6 54. axb6 Kxb6 {Game drawn because neither player has mating
material} 1/2-1/2

[Event "Team 45 45 League T36"]
[Site "Internet Chess Club"]
[Date "2008.02.02"]
[Round "2"]
[White "Tyler"]
[Black "okun"]
[Result "0-1"]
[WhiteElo "1408"]
[BlackElo "1571"]
[Opening "Pirc defense"]
[ECO "B07"]
[Time "09:03:34"]
[TimeControl "2700+45"]

1. e4 d6 2. d4 Nf6 3. Nc3 g6 4. d5 Bg7 5. Nf3 O-O 6. Be3 e6 7. Bd4 exd5 8. Nxd5
Nxe4 9. Bxg7 Kxg7 10. Be2 Re8 11. Qd4+ Nf6 12. Nd2 Nc6 13. Qc3 Be6 14. Ne3 d5
15. Qd3 d4 16. Nec4 Nb4 17. Qa3 Nxc2+ 18. Kf1 Nxa3 19. Nxa3 Qe7 20. Bd3 Bf5 21.
Bc4 a6 22. Nf3 b5 23. Bb3 Qe2+ 24. Kg1 d3 25. h3 d2 26. Kh2 Qxf2 27. Rad1 Ne4
28. Nb1 Bxh3 29. Kxh3 Qg3# {White checkmated} 0-1

[Event "Team 45 45 League T36"]
[Site "Internet Chess Club"]
[Date "2008.02.01"]
[Round "2"]
[White "Fegary"]
[Black "fileman"]
[Result "1-0"]
[WhiteElo "1970"]
[BlackElo "1848"]
[Opening "Scotch: Schmidt variation"]
[ECO "C45"]
[Time "10:06:03"]
[TimeControl "2700+45"]

1. e4 Nc6 2. d4 e5 3. Nf3 exd4 4. Nxd4 Nf6 5. Nxc6 bxc6 6. Bd3 d5 7. O-O Be7 8.
e5 Nd7 9. Qg4 Nxe5 10. Qxg7 Bf6 11. Qh6 Be6 12. Be2 Rg8 13. Re1 Rg6 14. Qxh7 Kd7
15. Bh5 Qe7 16. Bxg6 Rh8 17. Qh5 Rxh5 18. Bxh5 Qc5 19. Nc3 Bg4 20. Rxe5 Bxe5 21.
Bxg4+ Kd6 22. Bh6 Bxc3 23. Bf8+ {Black resigns} 1-0

[Event "Team 45 45 League T36"]
[Site "Internet Chess Club"]
[Date "2008.02.03"]
[Round "2"]
[White "hansolo1000"]
[Black "qs16"]
[Result "0-1"]
[WhiteElo "1780"]
[BlackElo "1820"]
[Opening "Old Indian defense"]
[ECO "A53"]
[Time "04:07:37"]
[TimeControl "2700+45"]

1. d4 d6 2. c4 Nf6 3. Nc3 Nbd7 4. e4 e5 5. d5 Be7 6. b4 c6 7. Bd3 O-O 8. Nge2
Nb6 9. a4 Bg4 10. f3 Bh5 11. Be3 Qc7 12. a5 Nbd7 13. O-O Bg6 14. Qb3 cxd5 15.
cxd5 a6 16. Rfc1 Rfc8 17. Rc2 Qd8 18. Rac1 b6 19. axb6 Nxb6 20. Kh1 Nfd7 21. Ra1
Bf6 22. Rxa6 Bg5 23. Bg1 f5 24. Rxa8 Rxa8 25. exf5 Bf7 26. Be4 Nf6 27. Ra2 Rc8
28. b5 h5 29. Ra6 Nc4 30. Rc6 Nd2 31. Qc2 Rb8 32. Nc1 Be8 33. Ra6 Bxb5 34. Nxb5
Rxb5 35. Qa2 Ndxe4 {White forfeits on time} 0-1

[Event "Team 45 45 League T36"]
[Site "Internet Chess Club"]
[Date "2008.02.02"]
[Round "2"]
[White "Steinwitz"]
[Black "oldsj"]
[Result "1-0"]
[WhiteElo "1782"]
[BlackElo "1553"]
[Opening "Ruy Lopez: open (Tarrasch) defense"]
[ECO "C80"]
[Time "08:03:32"]
[TimeControl "2700+45"]

1. e4 e5 2. Nf3 Nc6 3. Bb5 a6 4. Ba4 Nf6 5. O-O Nxe4 6. Re1 Nc5 7. Bxc6 dxc6 8.
Nxe5 Be7 9. Qe2 Be6 10. d3 O-O 11. Nc3 Re8 12. Be3 Nd7 13. Nf3 c5 14. Rad1 c6
15. d4 Qc7 16. Rd2 Rad8 17. Red1 Bg4 18. h3 Bh5 19. Ne4 cxd4 20. Rxd4 Ne5 21. g4
Bg6 22. Nxe5 Qxe5 23. f4 Qxe4 24. Rxe4 Bxe4 25. Rxd8 Bxd8 26. Qd2 Bxc2 27. Qc3
Be4 28. Bd4 f6 29. h4 Bd5 30. g5 Re2 31. gxf6 Bxf6 32. Bxf6 gxf6 33. Qxf6 Bxa2
34. Qd8+ Kf7 35. Qd7+ Re7 36. Qf5+ Kg8 37. h5 Rg7+ 38. Kf2 Rf7 39. Qe5 Bd5 40.
h6 b5 41. Kg3 a5 42. Qg5+ Kh8 43. Qd8+ Rf8 {Black resigns} 1-0

[Event "Team 45 45 League T36"]
[Site "Internet Chess Club"]
[Date "2008.02.02"]
[Round "2"]
[White "miltools"]
[Black "Vitruvian"]
[Result "0-1"]
[WhiteElo "1840"]
[BlackElo "1819"]
[Opening "Alekhine's defense: Scandinavian variation"]
[ECO "B02"]
[Time "08:42:47"]
[TimeControl "2700+45"]

1. e4 Nf6 2. Nc3 d5 3. exd5 Nxd5 4. d4 Nxc3 5. bxc3 Bf5 6. Nf3 e6 7. Be2 Be7 8.
O-O O-O 9. Rb1 Qc8 10. Bf4 Nd7 11. Ne5 Nxe5 12. Bxe5 Bd6 13. f4 Be4 14. Bd3 Bxd3
15. Qxd3 Rb8 16. Rf3 Bxe5 17. fxe5 c5 18. Rbf1 Qd8 19. Rh3 h6 20. Rff3 Qg5 21.
Rfg3 Qc1+ 22. Kf2 Rbc8 23. Rh4 cxd4 24. Rhg4 g5 25. c4 Rc5 26. Rxg5+ hxg5 27.
Rh3 Qf4+ 28. Rf3 Qxe5 29. Rh3 Qf5+ {White resigns} 0-1

[Event "Team 45 45 League T36"]
[Site "Internet Chess Club"]
[Date "2008.01.31"]
[Round "2"]
[White "superbeast"]
[Black "Razorbackchess"]
[Result "1/2-1/2"]
[WhiteElo "1672"]
[BlackElo "1821"]
[Opening "English: closed system"]
[ECO "A25"]
[Time "18:58:52"]
[TimeControl "2700+45"]

1. c4 e5 2. g3 Nc6 3. Bg2 g6 4. Nc3 Bg7 5. e4 d6 6. Nge2 Nge7 7. d3 O-O 8. O-O
Be6 9. Nd5 Qd7 10. Be3 f5 11. Qd2 Rf7 12. Rac1 Raf8 13. b4 b6 14. b5 Nd8 15. Bg5
Bxd5 16. exd5 Nb7 17. d4 Nd8 18. Rce1 Re8 19. a4 Rff8 20. Be3 Nf7 21. c5 Rd8 22.
c6 Qe8 23. Ra1 Ra8 24. a5 h6 25. h4 Kh7 26. Kh2 Ng8 27. Ra4 Bf6 28. Rfa1 bxa5
29. Rxa5 Qb8 30. dxe5 Nxe5 31. Rxa7 Rxa7 32. Rxa7 Ng4+ 33. Kg1 Nxe3 34. Qxe3 Re8
35. Qa3 Qxb5 36. Nf4 Re1+ 37. Kh2 Qb6 {Game drawn by mutual agreement} 1/2-1/2

[Event "Team 45 45 League T36"]
[Site "Internet Chess Club"]
[Date "2008.02.03"]
[Round "2"]
[White "vaknight"]
[Black "jacknor"]
[Result "1/2-1/2"]
[WhiteElo "1529"]
[BlackElo "1671"]
[Opening "Bird's opening"]
[ECO "A02"]
[Time "10:01:35"]
[TimeControl "2700+45"]

1. f4 f5 2. Nf3 Nf6 3. e3 e6 4. Bd3 b6 5. b3 Bb7 6. Bb2 Nc6 7. O-O Be7 8. Nc3 d5
9. Nb5 a6 10. Nbd4 Qd6 11. Nxc6 Bxc6 12. a4 Bb7 13. Ne5 O-O 14. Qe1 Ne4 15. Bxe4
dxe4 16. Qg3 Bf6 17. Rad1 c5 18. Qh3 Bc6 19. Rf2 Be8 20. g4 g6 21. Rg2 Ra7 22.
gxf5 exf5 23. Qxf5 Bxe5 24. Qxe5 Qxe5 25. Bxe5 Rf5 26. d4 cxd4 27. Rxd4 Rd7 28.
Rxd7 Bxd7 29. Rd2 Rf7 30. Rd6 b5 31. Rxa6 bxa4 32. bxa4 Bg4 33. Ra8+ Rf8 34.
Rxf8+ Kxf8 35. a5 Bc8 36. Kf1 Ba6+ 37. Ke1 Ke7 38. Kd2 Kd7 39. Kc3 Kc6 40. Kd4
Bb7 41. c4 Ba6 42. Bf6 Kd6 43. c5+ Ke6 44. Be5 Bb7 45. a6 Bxa6 46. Kxe4 Bb7+ 47.
Kd4 Kf5 48. Kc3 Kg4 49. Kb4 Kh3 50. Ka5 h5 51. Kb6 Bc8 52. Kc7 Bf5 53. c6 Kg4
54. Kd8 Kh3 55. c7 Kxh2 56. c8=Q Bxc8 57. Kxc8 Kh3 58. Bf6 Kg4 59. Kd7 Kf3 60.
Ke6 Kxe3 61. Ke5 Kf3 62. Bg5 Kg4 63. Kf6 h4 64. Bxh4 Kxf4 65. Kxg6 {Game drawn
because neither player has mating material} 1/2-1/2

[Event "Team 45 45 League T36"]
[Site "Internet Chess Club"]
[Date "2008.02.01"]
[Round "2"]
[White "malihini"]
[Black "AlPearson"]
[Result "0-1"]
[WhiteElo "1297"]
[BlackElo "1477"]
[Opening "King's Indian: East Indian defense"]
[ECO "A48"]
[Time "10:05:05"]
[TimeControl "2700+45"]

1. d4 Nf6 2. Nf3 g6 3. e3 Bg7 4. Bd3 O-O 5. O-O d6 6. Nbd2 c5 7. c3 b6 8. Re1
Nc6 9. e4 e5 10. d5 Ne7 11. b3 Nd7 12. Nc4 Qc7 13. Be3 h6 14. Qd2 Kh7 15. h3 f5
16. Nh4 Nf6 17. exf5 Nxf5 18. Nxf5 gxf5 19. f4 e4 20. Be2 Bb7 21. g4 fxg4 22.
hxg4 Nxd5 23. f5 Bxc3 24. Qc1 Bxa1 25. Qxa1 Nxe3 26. Nxe3 Qg7 27. Qd1 Rad8 28.
Qc2 d5 29. Ng2 d4 30. Bf1 Qxg4 {White resigns} 0-1

[Event "Team 45 45 League T36"]
[Site "Internet Chess Club"]
[Date "2008.02.05"]
[Round "2"]
[White "Zyme"]
[Black "Riddari"]
[Result "0-1"]
[WhiteElo "1420"]
[BlackElo "1345"]
[Opening "QGD Slav: Soultanbéieff variation"]
[ECO "D16"]
[Time "15:01:37"]
[TimeControl "2700+45"]

1. d4 d5 2. c4 c6 3. Nf3 Nf6 4. Nc3 dxc4 5. a4 e6 6. Bg5 Be7 7. e3 Nbd7 8. Bxc4
h6 9. Bh4 Nb6 10. Bd3 Nbd5 11. O-O Nxc3 12. bxc3 Nd5 13. Bxe7 Qxe7 14. Qb3 O-O
15. c4 Nb4 16. Bb1 c5 17. Ne5 Nc6 18. Nxc6 bxc6 19. Qd3 g6 20. f4 cxd4 21. exd4
a5 22. Rf3 c5 23. Rh3 Kg7 24. Bc2 e5 25. Re1 Bxh3 26. Qxh3 cxd4 27. Rxe5 Qf6 28.
Qg3 Rfe8 29. Rd5 Re3 30. Qf2 Rae8 31. Re5 R8xe5 32. fxe5 Qxe5 33. Kf1 d3 34. Bb3
Qa1+ 35. Bd1 Qxd1+ 36. Qe1 Qxe1# {White checkmated} 0-1

[Event "Team 45 45 League T36"]
[Site "Internet Chess Club"]
[Date "2008.01.30"]
[Round "2"]
[White "otib2006"]
[Black "t-hobbes"]
[Result "0-1"]
[WhiteElo "1208"]
[BlackElo "1305"]
[Opening "Ruy Lopez: Marshall, main line, 14...Qh3"]
[ECO "C89"]
[Time "20:03:30"]
[TimeControl "2700+45"]

1. e4 e5 2. Nf3 Nc6 3. Bb5 a6 4. Ba4 Nf6 5. O-O Be7 6. Re1 b5 7. Bb3 O-O 8. c3
d5 9. exd5 Nxd5 10. Nxe5 Nxe5 11. Rxe5 c6 12. d4 Bd6 13. Re1 Qh4 14. g3 Qh3 15.
Bxd5 cxd5 16. Qf3 Bb7 17. Bf4 Rae8 18. Rxe8 Rxe8 19. Nd2 Be7 20. Re1 Kf8 21. Re5
Qd7 22. Qh5 Kg8 23. Nf3 f6 24. Re1 Rc8 25. Nh4 g5 26. Nf5 Bf8 27. Nh6+ Bxh6 28.
Qxh6 gxf4 29. Qxf6 Qf7 30. Qg5+ Qg6 31. Qxf4 Rf8 32. Qe3 Bc8 33. Qe5 Rd8 34. Qe3
Bf5 35. Qc1 Be4 36. Qf4 Qh5 37. Rxe4 dxe4 38. Qxe4 Re8 39. Qd5+ Qxd5 {White
resigns} 0-1

[Event "Team 45 45 League T36"]
[Site "Internet Chess Club"]
[Date "2008.02.02"]
[Round "2"]
[White "WannaB"]
[Black "gilalva"]
[Result "1/2-1/2"]
[WhiteElo "1114"]
[BlackElo "1166"]
[Opening "Scotch opening"]
[ECO "C44"]
[Time "20:00:20"]
[TimeControl "2700+45"]

1. e4 e5 2. Nf3 Nc6 3. d4 d5 4. exd5 Qxd5 5. Nc3 Bb4 6. Bd2 Bxc3 7. Bxc3 Bg4 8.
Be2 e4 9. Ne5 Bxe2 10. Qxe2 Nxe5 11. dxe5 O-O-O 12. O-O f5 13. Rad1 Qc6 14.
Rxd8+ Kxd8 15. Rd1+ Kc8 16. e6 Nh6 17. Bxg7 Rg8 18. Bxh6 e3 19. f3 Qxe6 20. b3
Qxh6 21. Qf1 f4 22. Qe2 Qh4 23. Qf1 Re8 24. Qe1 Qxe1+ 25. Rxe1 Rd8 26. g3 Rd2
27. Rc1 fxg3 28. hxg3 e2 29. Kf2 Rd1 30. Kxe2 Rxc1 31. Kd2 Rg1 32. g4 Rh1 33.
Kd3 Rh6 34. g5 Rd6+ 35. Kc4 b6 36. a4 c6 37. b4 Kc7 38. c3 a6 39. f4 Rd5 40. b5
axb5+ 41. axb5 Rxb5 42. Kd4 Rf5 43. Ke4 Rc5 44. Kd4 Rf5 45. Ke4 Rc5 46. Kd4 Rf5
47. Ke4 {Game drawn by repetition} 1/2-1/2

[Event "Team 45 45 League T36"]
[Site "Internet Chess Club"]
[Date "2008.01.31"]
[Round "2"]
[White "scottrugby"]
[Black "Rhel"]
[Result "0-1"]
[WhiteElo "1528"]
[BlackElo "1471"]
[Opening "Sicilian: Grand Prix attack"]
[ECO "B23"]
[Time "14:33:05"]
[TimeControl "2700+45"]

1. e4 c5 2. Nc3 Nc6 3. f4 g6 4. Nf3 Bg7 5. Bb5 Nd4 6. Nxd4 cxd4 7. Ne2 a6 8. Bc4
e6 9. e5 Ne7 10. Nxd4 d6 11. exd6 Qxd6 12. Ne2 b5 13. Bb3 Bb7 14. Rg1 O-O 15. g3
Rfd8 16. d3 Rac8 17. Rb1 Nf5 18. Bd2 Bf3 19. Bc3 Bxc3+ 20. bxc3 Bxe2 21. Qxe2
Qc5 22. Rg2 Qxc3+ 23. Kd1 Qd4 24. Kd2 a5 25. Bxe6 Qc3+ 26. Kd1 fxe6 27. Qxe6+
Kg7 28. Rxb5 Rxd3+ 29. Kc1 Qa1+ 30. Rb1 Rd1+ 31. Kxd1 Qxb1+ 32. Ke2 Nd4+ 33. Ke3
Nxe6 {White resigns} 0-1

[Event "Team 45 45 League T36"]
[Site "Internet Chess Club"]
[Date "2008.02.04"]
[Round "2"]
[White "JimGaming"]
[Black "supraholic"]
[Result "0-1"]
[WhiteElo "1263"]
[BlackElo "1267"]
[Opening "Scotch: Lolli variation"]
[ECO "C44"]
[Time "14:02:27"]
[TimeControl "2700+45"]

1. e4 e5 2. Nf3 Nc6 3. d4 Nxd4 4. Nxd4 exd4 5. Qxd4 b6 6. Bc4 Bc5 7. Qxg7 Qf6 8.
Qg3 Bb7 9. Nc3 O-O-O 10. O-O Nh6 11. Nb5 d6 12. Bd5 c6 13. Nxa7+ Kc7 14. Bc4
Rhg8 15. Qf3 Qxf3 16. g3 Ng4 17. Be3 Nxe3 18. fxe3 Bxe3+ {White resigns} 0-1

[Event "Team 45 45 League T36"]
[Site "Internet Chess Club"]
[Date "2008.02.01"]
[Round "2"]
[White "CoasterBrake"]
[Black "Gomer"]
[Result "1-0"]
[WhiteElo "1113"]
[BlackElo "1177"]
[Opening "English opening"]
[ECO "A21"]
[Time "15:04:05"]
[TimeControl "2700+45"]

1. c4 e5 2. Nc3 d6 3. g3 Nc6 4. Nf3 Bg4 5. Bg2 Qe7 6. d3 h6 7. O-O O-O-O 8. Qb3
Bxf3 9. Bxf3 Qd7 10. Be3 b6 11. a4 Nf6 12. Rfd1 Ng4 13. Bxg4 Qxg4 14. Qb5 Kb8
15. Qxc6 Be7 16. Nb5 Rd7 17. Re1 a6 18. Nc3 h5 19. Nd5 Bd8 20. f3 Qh3 21. a5 h4
22. axb6 hxg3 23. bxc7+ Bxc7 24. Ba7+ Kc8 25. Qa8+ Bb8 26. Qxb8# {Black
checkmated} 1-0

[Event "Team 45 45 League T36"]
[Site "Internet Chess Club"]
[Date "2008.02.02"]
[Round "2"]
[White "Miles295"]
[Black "killer21"]
[Result "0-1"]
[WhiteElo "2055"]
[BlackElo "2223"]
[Opening "Sicilian: Canal-Sokolsky attack, 3...Bd7"]
[ECO "B52"]
[Time "13:51:05"]
[TimeControl "2700+45"]

1. e4 c5 2. Nf3 d6 3. Bb5+ Bd7 4. Bxd7+ Qxd7 5. O-O Nf6 6. e5 dxe5 7. Nxe5 Qf5
8. d4 Nfd7 9. Re1 cxd4 10. Nf3 Nc6 11. Nxd4 Nxd4 12. Qxd4 e6 13. Be3 Qf6 14. Qa4
Qxb2 15. Rd1 Rd8 16. Bxa7 Qb4 17. Qb3 b6 18. Qg3 Rc8 19. Nd2 Qa4 20. Bxb6 Nxb6
21. Nb3 Qc6 22. Nd4 Qc7 23. Qg4 Nd5 24. Nxe6 fxe6 25. Qxe6+ Ne7 26. Rd3 Qc6 27.
Rd6 Qc4 28. Qd7+ Kf7 29. Re1 Rc7 30. Qd8 g6 31. Rd4 Qc5 32. Rf4+ Kg7 33. Qb8 Nf5
34. g4 Bd6 35. Re8 Rxe8 36. Qxe8 Bxf4 37. gxf5 {White resigns} 0-1

[Event "Team 45 45 League T36"]
[Site "Internet Chess Club"]
[Date "2008.02.03"]
[Round "2"]
[White "Terte"]
[Black "Flying-Tiger"]
[Result "1-0"]
[WhiteElo "2117"]
[BlackElo "2001"]
[Opening "Sicilian: Alapin's variation (2.c3)"]
[ECO "B22"]
[Time "09:08:17"]
[TimeControl "2700+45"]

1. e4 c5 2. c3 g6 3. d4 cxd4 4. cxd4 d5 5. e5 Bg7 6. Nc3 Nc6 7. Nf3 Bg4 8. Be2
Bxf3 9. Bxf3 e6 10. Be3 Nge7 11. O-O O-O 12. Be2 Nf5 13. g4 Nxe3 14. fxe3 Bh6
15. Rf3 f5 16. gxf5 Qg5+ 17. Rg3 Qxf5 18. Bg4 Qf2+ 19. Kh1 Rae8 20. Qe2 Nb4 21.
Rag1 Qxe2 22. Bxe2 Nc2 23. Nd1 Nb4 24. a3 Nc6 25. Bg4 Na5 26. h4 Nc4 27. h5 g5
28. R3g2 Kf7 29. Be2 a6 30. e4 b5 31. exd5 exd5 32. Bg4 Ke7 33. b3 Nb6 34. Ne3
Bg7 35. Nf5+ Kf7 36. Nd6+ Kg8 37. Nxe8 Rxe8 38. Rf2 h6 39. Rgf1 Re7 40. Kg2 a5
41. Be2 a4 42. bxa4 bxa4 43. Kf3 Rc7 44. Kg4 Nc4 45. Bxc4 Rxc4 46. Kf5 Rxd4 47.
Kg6 Re4 48. Rf7 {Black resigns} 1-0